AoeStats
← Panchoqt

Pilgrims

510218199Analyzed
4v4 RM · 1d ago on Sep 30, 2026· 50m 11s· 8 players
Game mode
Random Map
Map size
Large (8 player)
Population
200
Speed
Normal
Resources
Standard
Victory
Conquest
Starting age
Dark Age
Ending age
Imperial Age
RankedLock teamsTeams togetherTeam positionsShared explorationLock speedFull tech treeHidden civsTurbo modeCheats
Victory
Defeat
🇨🇱 Koreans · Chile
947
+12
🇨🇱 Persians · Chile
885
+15
🇨🇱 Khitans · Chile
820
+17
🇨🇱 Georgians · Chile
800
+19
🇺🇸 Mongols · United States
885
-17
🇬🇧 Saxons · United Kingdom
871
-16
🇹🇷 Bohemians · Türkiye
840
-15
🇺🇸 Britons · United States
828
-15
Kitoow
13:12 Feudal Age
14:10 Loom
15:40 Double-Bit Axe
15:48 Gold Mining
20:36 Wheelbarrow
21:13 Fletching
26:41 Castle Age
27:43 Medium Warships
29:13 Pikeman
36:26 Imperial Age
37:45 Halberdier
47:51 Forging
47:47 Scale Barding Armor
47:43 Scale Mail Armor
47:39 Bodkin Arrow
49:08 Ballistics
Panchoqt
5:29 Loom
15:56 Feudal Age
26:54 Castle Age
26:01 Double-Bit Axe
26:09 Gold Mining
26:10 Stone Mining
26:51 Scale Barding Armor
26:56 Forging
28:06 Bow Saw
28:06 Husbandry
27:27 Light Cavalry
35:11 Iron Casting
34:56 Chain Barding Armor
43:20 Imperial Age
41:33 Wheelbarrow
43:27 Hand Cart
44:46 Plate Barding Armor
44:35 Elite Steppe Lancer
ISCO
5:27 Loom
11:59 Feudal Age
13:07 Double-Bit Axe
18:29 Castle Age
18:15 Wheelbarrow
19:49 Bow Saw
21:45 Fishing Lines
27:28 Hand Cart
28:25 Forging
30:52 Husbandry
31:23 Gillnets
34:40 Imperial Age
33:42 Thumb Ring
35:03 Horse Collar
35:41 Citadels
35:51 Scale Barding Armor
36:07 Bloodlines
36:50 Heavy Plow
36:48 Heavy Camel Rider
37:53 Elite Skirmisher
41:18 Chain Barding Armor
41:22 Ballistics
42:03 Chemistry
41:47 Elite War Elephant
42:52 Conscription
45:30 Cavalier
47:48 Gold Mining
47:51 Stone Mining
48:44 Plate Barding Armor
48:44 Iron Casting
49:21 Hoardings
49:36 Savar
Hoycbb
10:26 Loom
13:38 Feudal Age
15:02 Town Watch
18:48 Fletching
24:40 Castle Age
25:28 Bodkin Arrow
26:32 Horse Collar
26:41 Double-Bit Axe
28:39 Wheelbarrow
30:46 Bow Saw
40:01 Imperial Age
40:49 Hand Cart
43:56 Two-Man Saw
43:29 Elite War Wagon
46:11 Conscription
45:42 Light Cavalry
46:25 Husbandry
48:51 Hussar
50:58 Ballistics
51:39 Chemistry
Rat Meat Pizza
12:38 Loom
16:25 Feudal Age
18:53 Gold Mining
18:50 Double-Bit Axe
19:44 Wheelbarrow
21:47 Horse Collar
23:25 Stone Mining
25:53 Castle Age
27:48 Gold Shaft Mining
27:35 Hand Cart
27:33 Bow Saw
27:25 Heavy Plow
36:50 Padded Archer Armor
40:56 Ballistics
43:58 Imperial Age
41:58 Leather Archer Armor
44:44 Fletching
48:25 Conscription
48:58 Yeomen
50:09 Chemistry
50:14 Ring Archer Armor
49:42 Bodkin Arrow
Havoc AD
6:34 Loom
14:25 Feudal Age
15:45 Wheelbarrow
15:54 Town Watch
16:28 Fishing Lines
20:12 Bloodlines
25:26 Scale Barding Armor
30:51 Castle Age
32:27 Husbandry
32:39 Gillnets
36:56 Forging
37:07 Chain Barding Armor
38:34 Hand Cart
39:57 Iron Casting
42:58 Imperial Age
41:43 Nomads
45:28 Elite Steppe Lancer
47:10 Blast Furnace
47:28 Conscription
Executioner's Bong
7:54 Loom
10:50 Feudal Age
12:05 Double-Bit Axe
13:26 Fishing Lines
17:34 Forging
19:29 Castle Age
17:36 Stone Mining
20:18 Fletching
22:36 Bodkin Arrow
23:16 Arson
23:53 Gillnets
25:33 Gambesons
27:58 Gold Mining
32:37 Wheelbarrow
34:46 Squires
35:56 Iron Casting
35:22 Scale Mail Armor
37:51 Chain Mail Armor
37:49 Horse Collar
39:04 Town Watch
43:57 Hand Cart
PiriFeyiz
4:43 Loom
15:38 Feudal Age
22:03 Castle Age
28:33 Medium Warships
31:58 Double-Bit Axe
36:48 Imperial Age
42:32 Chemistry
41:44 Fortified Wall
Connection lost

Rejoining the realm…

Still unreachable

The connection could not be restored.

Session expired

The server has moved on; the page needs a fresh start.